 Dungeon Crawl Stone Soup version 0.30.0-29-ga12c61a403 (webtiles) character file.

Game seed: 10410127333311694751

5550 qw the Blocker (level 10, -14/61 HPs)
             Began as a Gargoyle Fighter on June 4, 2023.
             Was a Priest of Okawaru.
             Demolished by an enormous slime creature (75 damage)
             ... on level 9 of the Dungeon.
             The game lasted 00:03:24 (6790 turns).

qw the Blocker (Gargoyle Fighter)                   Turns: 6790, Time: 00:03:25

Health: -14/61     AC: 20    Str: 24    XL:     10   Next: 71%
Magic:  13/13      EV:  9    Int:  9    God:    Okawaru [***...]
Gold:   474        SH: 15    Dex:  9    Spells: 9/9 levels left

rFire   + . .        a - +2 war axe (vamp)
rCold   . . .        u - +0 tower shield
rNeg    + . .        w - +0 swamp dragon scales
rPois   inf          g - +0 helmet
rElec   +            b - +1 cloak
rCorr   .            m - +0 pair of gloves
SInv    +            (no boots)
Will    .....        (no amulet) Stlth
                     n - ring "Xaiz" {*Corrode rF+ Slay+2 SInv}
HPRegen 0.30/turn    (no ring)
MPRegen 0.13/turn

%: corrode self (3%)
@: about to teleport
A: sickness immunity, AC +7, negative energy resistance 1, electricity
resistance, torment resistance 1, petrification resistance
a: Renounce Religion, Heroism


You were on level 9 of the Dungeon.
You worshipped Okawaru.
Okawaru was most pleased with you.
You visited 2 branches of the dungeon, and saw 10 of its levels.

You collected 474 gold pieces.


Innate Abilities, Weirdness & Mutations

You are immune to sickness and miasma.
Your stone body is resilient. (AC +7)
You are immune to poison.
You resist negative energy. (rN+)
You are resistant to electric shocks. (rElec)
You are resistant to unholy torment.
You are immune to petrification.


   Skills:
 - Level 6.7 Fighting
 - Level 9.0 Axes
 - Level 4.4 Armour
 - Level 1.0 Dodging
 + Level 11.5 Shields
 - Level 4.0 Invocations


You had 9 spell levels left.
You didn't know any spells.
Your spell library was empty.

Inventory:

Hand Weapons
 a - a +2 vampiric war axe (weapon)
 q - a +2 morningstar of protection
 v - a +2 war axe of draining
Armour
 b - a +1 cloak (worn)
 g - a +0 helmet (worn)
 m - a +0 pair of gloves (worn)
 u - a +0 tower shield (worn)
 w - +0 swamp dragon scales (worn)
Jewellery
 n - the ring "Xaiz" (left hand) {*Corrode rF+ Slay+2 SInv}
   (You acquired it on level 2 of the Dungeon)

   [ring of see invisible]

   Slay:      It affects your accuracy & damage with ranged weapons and melee
   (+2).
   rF:        It protects you from fire.
   SInv:      It lets you see invisible.
   *Corrode:  It may corrode you when you take damage.
Scrolls
 j - a scroll of identify
Potions
 d - a potion of might
 e - 2 potions of haste
 f - a potion of lignification {unknown}
 h - 2 potions of resistance
 i - 2 potions of attraction {unknown}
 k - 4 potions of curing
 o - a potion of mutation {unknown}
 p - a potion of degeneration {unknown}
 r - a potion of invisibility {unknown}
 s - 3 potions of heal wounds

Dungeon Overview and Level Annotations

Branches:
Dungeon (9/15)             Temple (1/1) D:5
   Lair: D:8-11         Orc: D:9-12

Altars:
Ashenzari
Cheibriados
Dithmenos
Elyvilon
Fedhas
Gozag
Hepliaklqana
Kikubaaqudgha
Makhleb
Nemelex Xobeh
Okawaru
Qazlal
Ru
Sif Muna
Trog
Uskayaw
Vehumet
Wu Jian
Xom
Yredelemnul
Zin
The Shining One

Shops:
D:3 :


Message History

The slime creature hits you but does no damage.
You slash the slime creature!
The slime creature is severely wounded.
You slash the slime creature!
You feel better.
A slime creature comes into view.
The slime creature barely misses you.
The slime creature hits you but does no damage.
You hit the slime creature.
The slime creature is severely wounded.
You slash the slime creature! The slime creature closely misses you.
You block the slime creature's attack.
Two slime creatures merge to form a large slime creature.
You block the slime creature's attack.
The slime creature hits you but does no damage.
Two slime creatures merge to form a large slime creature.
You hit the slime creature.
The slime creature is severely wounded.
You completely miss the large slime creature.
The slime creature hits you but does no damage.
You slash the slime creature!
The slime creature is almost dead.
You completely miss the large slime creature.
You block the slime creature's attack.
You slash the slime creature!
You kill the slime creature!
Okawaru accepts your kill.
You completely miss the large slime creature.
The large slime creature hits you but does no damage.
You hit the large slime creature but do no damage.
The large slime creature is moderately wounded.
The large slime creature barely misses you.
You slash the large slime creature!
The large slime creature is moderately wounded.
Two slime creatures merge to form an enormous slime creature.
6790 ||| READING scroll of teleportation.
As you read the scroll of teleportation, it crumbles to dust.
You feel strangely unstable.
The enormous slime creature hits you!!!!
Ouch! That really hurt!
You die...

J. J. #J #. .# #.##
.# #..# ..# #.##
##..# #.J#####....#
##.@.....##.#
#####..###.#
#......# #.###..###
#.# #....# ..#
##.#.## .. .###
#.#..#
#...######.##.#####
# .#
......%.##........#


You could see an enormous slime creature.

Vanquished Creatures
  2 two-headed ogres (D:7)
  Maurice (D:8)
  Joseph (D:7)
  Maggie (D:6)
  A slime creature (D:9)
  A spriggan (D:7)
  A shadow (D:9)
  Sigmund (D:3)
  2 wyverns
  A steam dragon (D:7)
  An acid dragon (D:9)
  A water moccasin (D:5)
  A black bear (D:5)
  2 ice beasts
  An ogre (D:6)
  A centaur (D:7)
  2 phantoms (D:5)
  A kobold brigand (D:6)
  3 bullfrogs
  13 wights
  4 howler monkeys
  3 hounds
  3 jellies
  Jessica (D:3)
  5 iguanas
  3 orc wizards
  3 gnolls (D:4)
  8 adders
  A shadow imp (D:7)
  An ufetubus (D:7)
  A worm (D:5)
  2 dart slugs
  10 orcs
  6 bats
  11 endoplasms
  4 giant cockroaches
  4 goblins
  4 hobgoblins
  5 jackals
  A quokka (D:2)
  4 ball pythons
  2 frilled lizards
  7 kobolds
  A rat (D:1)
132 creatures vanquished.

Notes
Turn   | Place    | Note
-------+----------+-------------------------------------------
     0 | D:1      | qw the Gargoyle Fighter began the quest for the Orb.
     0 | D:1      | Reached XP level 1. HP: 14/14 MP: 1/1
     0 | D:1      | 0 ||| qw: Version: 0.2-a-107-g4668610
     0 | D:1      | 0 ||| qw: Game counter: 1291
     0 | D:1      | 0 ||| qw: Always use a shield: true
     0 | D:1      | 0 ||| qw: God list: Okawaru
     0 | D:1      | 0 ||| qw: Allow faded altars: false
     0 | D:1      | 0 ||| qw: Do Orc after D:15 true
     0 | D:1      | 0 ||| qw: Do second Lair branch before Depths: true
     0 | D:1      | 0 ||| qw: Lair rune preference: random
     0 | D:1      | 0 ||| qw: Plans: Normal, Zot:1-4, Slime:5, God:TSO, Crypt,
                  | Tomb, Abyss, Pan, Hells, Win
     0 | D:1      | 0 ||| PLANNING D:1-11
   248 | D:1      | 248 ||| Stepping ~*~*~tactically~*~*~ (stealth).
   252 | D:1      | Reached XP level 2. HP: 19/19 MP: 2/2
   635 | D:1      | 635 ||| UPGRADING to +0 cloak.
   640 | D:1      | 640 ||| UPGRADING to +0 pair of gloves.
   645 | D:1      | 645 ||| READING scroll labelled BOMOFAI CUZITE.
   645 | D:1      | Identified a scroll of acquirement
   645 | D:1      | 645 ||| ACQUIRING +1 vampiric war axe
   645 | D:1      | Acquired a +1 vampiric war axe
   647 | D:1      | 647 ||| SWAPPING to +1 vampiric war axe.
   648 | D:1      | 648 ||| READING scroll labelled UCEPTU VODUI.
   649 | D:1      | 649 ||| READING scroll labelled HAATSYATTU.
   650 | D:1      | 650 ||| READING 3 scrolls labelled IDDE ZOHUOTATS.
   651 | D:1      | 651 ||| READING 2 scrolls of identify.
   651 | D:1      | 651 ||| IDENTIFYING golden potion
   707 | D:2      | Reached skill level 3 in Axes
   712 | D:2      | Reached XP level 3. HP: 22/23 MP: 3/3
   864 | D:2      | 864 ||| READING scroll of acquirement.
   864 | D:2      | 864 ||| ACQUIRING ring "Xaiz" {*Corrode rF+ Slay+2 SInv}
   864 | D:2      | Acquired the ring "Xaiz" {*Corrode rF+ Slay+2 SInv}
   866 | D:2      | 866 ||| UPGRADING to ring "Xaiz" {*Corrode rF+ Slay+2
                  | SInv}.
  1207 | D:2      | 1207 ||| READING scroll labelled ZEKOTOROSA.
  1208 | D:2      | 1208 ||| READING scroll labelled KUCUNY PENNAF.
  1211 | D:2      | 1211 ||| READING scroll labelled BUD SIENET.
  1248 | D:3      | Found Fijihis's Book Shop.
  1254 | D:3      | Found a faded altar of an unknown god.
  1283 | D:3      | Noticed Sigmund
  1285 | D:3      | Noticed Jessica
  1286 | D:3      | Killed Jessica
  1287 | D:3      | Reached XP level 4. HP: 28/28 MP: 4/4
  1299 | D:3      | Killed Sigmund
  1300 | D:3      | Reached XP level 5. HP: 32/32 MP: 5/5
  1500 | D:3      | 1500 ||| DROPPING +0 club.
  1506 | D:3      | Reached XP level 6. HP: 37/37 MP: 6/6
  1708 | D:3      | 1708 ||| UPGRADING to +0 tower shield.
  1718 | D:3      | 1718 ||| DROPPING +0 buckler.
  1719 | D:3      | 1719 ||| READING scroll labelled AXAOKHLUANN.
  1720 | D:3      | 1720 ||| READING 2 scrolls labelled XIRELY IDDYAC.
  1721 | D:3      | 1721 ||| DROPPING scroll of amnesia.
  2128 | D:4      | 2128 ||| Stepping ~*~*~tactically~*~*~ (stealth).
  2129 | D:4      | 2129 ||| Stepping ~*~*~tactically~*~*~ (stealth).
  2163 | D:4      | Reached skill level 4 in Shields
  2587 | D:4      | 2587 ||| DRINKING 2 smoky brown potions.
  2588 | D:4      | 2588 ||| DRINKING 2 emerald potions.
  2589 | D:4      | 2589 ||| DRINKING 2 ruby potions.
  2590 | D:4      | 2590 ||| DROPPING potion of brilliance.
  2616 | D:5      | Entered Level 5 of the Dungeon
  2723 | D:5      | Reached skill level 5 in Shields
  2759 | D:5      | Found a staircase to the Ecumenical Temple.
  2760 | D:5      | 2760 ||| PLANNING TEMPLE
  2760 | D:5      | 2760 ||| DRINKING 2 black potions.
  2769 | Temple   | Entered the Ecumenical Temple
  2953 | Temple   | 2953 ||| PLANNING OKAWARU WORSHIP
  3025 | Temple   | Became a worshipper of Warmaster Okawaru
  3025 | Temple   | 3025 ||| PLANNING D:1-11
  3040 | D:5      | Noticed a black bear
  3052 | D:5      | Killed a black bear
  3053 | D:5      | Reached XP level 7. HP: 40/41 MP: 7/7
  3078 | D:5      | Reached skill level 6 in Shields
  3117 | D:5      | Reached * piety under Okawaru
  3118 | D:5      | Reached skill level 7 in Shields
  3185 | D:5      | 3185 ||| Stepping ~*~*~tactically~*~*~ (stealth).
  3216 | D:5      | 3216 ||| INVOKING Heroism.
  3378 | D:5      | Reached skill level 8 in Shields
  3378 | D:5      | Reached XP level 8. HP: 39/46 MP: 8/8
  3545 | D:5      | 3545 ||| INVOKING Heroism.
  3551 | D:5      | Reached skill level 1 in Invocations
  3651 | D:6      | 3651 ||| Stepping ~*~*~tactically~*~*~ (stealth).
  3773 | D:6      | Noticed Maggie
  3781 | D:6      | 3781 ||| INVOKING Heroism.
  3796 | D:6      | Killed Maggie
  3797 | D:6      | Reached skill level 9 in Shields
  3855 | D:6      | 3855 ||| DROPPING +0 war axe.
  4031 | D:6      | 4031 ||| Stepping ~*~*~tactically~*~*~ (stealth).
  4033 | D:6      | 4033 ||| Stepping ~*~*~tactically~*~*~ (hiding).
  4034 | D:6      | 4034 ||| Stepping ~*~*~tactically~*~*~ (hiding).
  4051 | D:6      | 4051 ||| Stepping ~*~*~tactically~*~*~ (hiding).
  4069 | D:6      | 4069 ||| Stepping ~*~*~tactically~*~*~ (stealth).
  4073 | D:6      | 4073 ||| Stepping ~*~*~tactically~*~*~ (stealth).
  4074 | D:6      | 4074 ||| Stepping ~*~*~tactically~*~*~ (stealth).
  4075 | D:6      | 4075 ||| Stepping ~*~*~tactically~*~*~ (stealth).
  4089 | D:6      | 4089 ||| Stepping ~*~*~tactically~*~*~ (stealth).
  4094 | D:6      | 4094 ||| INVOKING Heroism.
  4095 | D:6      | 4095 ||| Stepping ~*~*~tactically~*~*~ (stealth).
  4140 | D:6      | 4140 ||| Stepping ~*~*~tactically~*~*~ (stealth).
  4148 | D:6      | 4148 ||| Stepping ~*~*~tactically~*~*~ (stealth).
  4179 | D:6      | 4179 ||| INVOKING Heroism.
  4186 | D:6      | Reached skill level 1 in Dodging
  4210 | D:6      | 4210 ||| UPGRADING to +0 swamp dragon scales.
  4220 | D:6      | 4220 ||| DROPPING +0 scale mail.
  4221 | D:6      | 4221 ||| READING scroll labelled WOUSURCH VEZXI.
  4222 | D:6      | 4222 ||| READING scroll labelled ULO IGOADAGHYF.
  4223 | D:6      | 4223 ||| DRINKING 2 bubbling black potions.
  4224 | D:6      | 4224 ||| READING 2 scrolls of identify.
  4224 | D:6      | 4224 ||| IDENTIFYING fizzy brown potion
  4225 | D:6      | 4225 ||| DROPPING potion of berserk rage.
  4226 | D:6      | 4226 ||| DROPPING potion of flight.
  4253 | D:7      | Noticed Joseph
  4262 | D:7      | Reached skill level 6 in Axes
  4268 | D:7      | 4268 ||| INVOKING Heroism.
  4275 | D:7      | Killed Joseph
  4276 | D:7      | Reached XP level 9. HP: 24/52 MP: 9/12
  4389 | D:7      | Noticed a two-headed ogre
  4389 | D:7      | Noticed a two-headed ogre
  4390 | D:7      | 4390 ||| INVOKING Heroism.
  4403 | D:7      | Reached skill level 10 in Shields
  4412 | D:7      | 4412 ||| INVOKING Heroism.
  4414 | D:7      | Killed a two-headed ogre
  4414 | D:7      | Reached ** piety under Okawaru
  4420 | D:7      | Killed a two-headed ogre
  4421 | D:7      | Reached skill level 6 in Fighting
  4643 | D:7      | Reached XP level 10. HP: 61/61 MP: 13/13
  4843 | D:7      | 4843 ||| INVOKING Heroism.
  4847 | D:7      | HP: 15/61 [wight/+1 spear of venom (5)]
  4848 | D:7      | 4848 ||| READING scroll of teleportation.
  4849 | D:7      | 4849 ||| DRINKING 3 potions of heal wounds.
  5069 | D:7      | Found the +12 pair of quick blades "Gyre" and "Gimble"
                  | {protect}
  5116 | D:7      | 5116 ||| INVOKING Heroism.
  5120 | D:7      | Reached skill level 11 in Shields
  5258 | D:7      | 5258 ||| DROPPING +0 flail.
  5264 | D:7      | Found a blossoming altar of Fedhas.
  5271 | D:7      | Found a sacrificial altar of Ru.
  5277 | D:7      | Found a white marble altar of Elyvilon.
  5284 | D:7      | Found a broken altar of Ashenzari.
  5290 | D:7      | Found a hide-covered altar of Uskayaw.
  5297 | D:7      | Found a radiant altar of Vehumet.
  5303 | D:7      | Found an ancient bone altar of Kikubaaqudgha.
  5380 | D:7      | 5380 ||| INVOKING Heroism.
  5402 | D:7      | 5402 ||| Stepping ~*~*~tactically~*~*~ (stealth).
  5448 | D:7      | 5448 ||| READING scroll labelled ASESOUHAING.
  5449 | D:7      | 5449 ||| READING 3 scrolls labelled RAUNIC DYFFETA.
  5450 | D:7      | 5450 ||| READING scroll labelled CAOHUACLAO.
  5551 | D:7      | 5551 ||| DRINKING 2 murky ruby potions.
  5552 | D:7      | 5552 ||| DROPPING 2 scrolls of blinking.
  5575 | D:8      | 5575 ||| Stepping ~*~*~tactically~*~*~ (hiding).
  5577 | D:8      | 5577 ||| Stepping ~*~*~tactically~*~*~ (hiding).
  5579 | D:8      | 5579 ||| Stepping ~*~*~tactically~*~*~ (hiding).
  5604 | D:8      | 5604 ||| Stepping ~*~*~tactically~*~*~ (stealth).
  5605 | D:8      | 5605 ||| Stepping ~*~*~tactically~*~*~ (stealth).
  5731 | D:8      | Found a stormy altar of Qazlal.
  5784 | D:8      | 5784 ||| READING scroll of enchant weapon.
  5784 | D:8      | 5784 ||| ENCHANTING +1 vampiric war axe.
  5843 | D:8      | Noticed Maurice
  5849 | D:8      | 5849 ||| DRINKING potion of cancellation.
  5877 | D:8      | Killed Maurice
  5877 | D:8      | Reached *** piety under Okawaru
  6374 | D:8      | 6374 ||| UPGRADING to +1 cloak.
  6384 | D:8      | 6384 ||| UPGRADING to +0 helmet.
  6389 | D:8      | 6389 ||| DROPPING +0 cloak.
  6442 | D:9      | Reached skill level 9 in Axes
  6496 | D:9      | 6496 ||| INVOKING Heroism.
  6576 | D:9      | 6576 ||| DROPPING +2 flail.
  6696 | D:9      | 6696 ||| Stepping ~*~*~tactically~*~*~ (hiding).
  6771 | D:9      | 6771 ||| Stepping ~*~*~tactically~*~*~ (stealth).
  6772 | D:9      | 6772 ||| Stepping ~*~*~tactically~*~*~ (stealth).
  6790 | D:9      | 6790 ||| READING scroll of teleportation.
  6790 | D:9      | Demolished by an enormous slime creature

Levels and vault maps discovered:
D:1:      ldierk_walled_garden, layout_basic, minmay_misc_feat_plants
D:2:      layout_loops_ring
D:3:      layout_rooms, serial_curves, eino_curves_01, eino_curves_04,
          serial_shops, nicolae_shop_tiny_real_fake_doors,
          basic_ecumenical_altar, uniq_jessica, uniq_sigmund
D:4:      layout_gridville, kennysheep_generic_room_12
D:5:      layout_basic, minmay_temple_entry_butterflies
D:6:      layout_rooms, nicolae_concentric_dashed_squares_wild, uniq_maggie
D:7:      layout_gridville, grunt_temple_overflow_octagram,
          hellmonk_guarded_unrand_gyre_and_gimble, uniq_joseph
D:8:      layout_loops_corners, old_standard_altar, minivault_23, uniq_maurice
D:9:      layout_rooms, enter_bailey_3, wad_dig_loot
Temple:   minmay_temple_curvy_branch

Skill      XL: |  1  2  3  4  5  6  7  8  9 10 |
---------------+-------------------------------+-----
Axes           | 2 3 4 5 6 7 9 |  9.0
Shields        | 5 8 9 10 11 | 11.5
Invocations    | 4 |  4.0
Fighting       | 4 6 |  6.7
Dodging        | 1 |  1.0
Armour         | 4 |  4.4

Action                     |  1- 3 |  4- 6 |  7- 9 | 10-12 || total
---------------------------+-------+-------+-------+-------++-------
  Melee: War axe           |    78 |   106 |   147 |   183 ||   514
 Invoke: Heroism           |       |       |     8 |     4 ||    12
    Use: Scroll            |     9 |     2 |     3 |     6 ||    20
         Potion            |       |     4 |     1 |     3 ||     8
 Armour: Scale mail        |    36 |    87 |    32 |       ||   155
         Swamp dragon scal |       |       |    23 |    55 ||    78
         Skin              |       |       |       |     2 ||     2
  Dodge: Dodged            |    35 |    40 |    37 |    41 ||   153
  Block: Buckler           |    16 |     4 |       |       ||    20
         Tower shield      |       |    85 |   131 |   136 ||   352

Table legend:
 A = Non-vault XP
 B = Vault XP
 C = Vault XP percentage of total XP
 D = Non-vault monster count
 E = Vault monster count
 F = Vault count percentage of total count
                 A         B        C        D         E       F
            +---------+---------+-------+---------+---------+-------
      Total |    4507 |    3422 |  43.2 |     122 |      10 |   7.6
            +---------+---------+-------+---------+---------+-------
        D:1 |      26 |       0 |   0.0 |      14 |       0 |   0.0
        D:2 |      32 |       0 |   0.0 |      12 |       0 |   0.0
        D:3 |      22 |     243 |  91.7 |      12 |       2 |  14.3
        D:4 |     179 |       3 |   1.6 |      19 |       1 |   5.0
        D:5 |     815 |       0 |   0.0 |      15 |       0 |   0.0
        D:6 |     366 |     398 |  52.1 |      10 |       1 |   9.1
        D:7 |    1370 |    2274 |  62.4 |      22 |       4 |  15.4
        D:8 |     474 |     469 |  49.7 |       8 |       1 |  11.1
        D:9 |    1223 |      35 |   2.8 |      10 |       1 |   9.1
            +---------+---------+-------+---------+---------+-------
